 Dungeon Crawl Stone Soup version 0.30.1-4-g462c640d31 (webtiles) character file.

Game seed: 327509273785004231

140 rvierbuc the Chopper (level 4, 0/38 HPs)
             Began as a Demigod Fighter on Aug 20, 2023.
             Slain by a cerulean imp
             ... wielding a +2 spear
             ... summoned by Natasha
              (4 damage)
             ... on level 3 of the Dungeon.
             The game lasted 00:07:35 (2099 turns).

rvierbuc the Chopper (Demigod Fighter)              Turns: 2099, Time: 00:07:39

Health: 0/38       AC:  6    Str: 21    XL:     4   Next: 71%
Magic:  6/6        EV:  9    Int: 10    God:
Gold:   163        SH:  4    Dex: 13    Spells: 3/3 levels left

rFire   x . .        a - +0 war axe
rCold   + . .        c - +0 buckler
rNeg    . . .        b - +0 scale mail
rPois   .            (no helmet)
rElec   .            (no cloak)
rCorr   +            (no gloves)
SInv    .            (no boots)
Will    .....        (no amulet) Stlth
                     o - ring of resist corrosion
HPRegen 0.26/turn    q - ring of ice
MPRegen 0.10/turn

%: no passive effects
@: no status effects
A: high MP 1, forlorn, divine attributes
a: no special abilities


You were on level 3 of the Dungeon.
You visited 1 branch of the dungeon, and saw 3 of its levels.

You collected 163 gold pieces.

Inventory:

Hand Weapons
 a - a +0 war axe (weapon)
 s - a +0 whip of flaming
Missiles
 k - 2 boomerangs
 n - a curare-tipped dart (quivered)
Armour
 b - a +0 scale mail (worn)
 c - a +0 buckler (worn)
Jewellery
 o - a ring of resist corrosion (left hand)
 q - a ring of ice (right hand)
Scrolls
 e - a scroll of enchant weapon {unknown}
 h - 3 scrolls of identify {unknown}
 i - 3 scrolls of blinking {unknown}
 l - 3 scrolls of vulnerability {unknown}
 m - 2 scrolls of teleportation {unknown}
 t - a scroll of noise {unknown}
 u - a scroll of enchant armour {unknown}
Potions
 d - a potion of might
 f - a potion of haste {unknown}
 g - 2 potions of flight {unknown}
 j - a potion of berserk rage {unknown}
 p - 2 potions of invisibility {unknown}
 r - a potion of heal wounds {unknown}


   Skills:
 + Level 3.1 Fighting
 + Level 3.7 Axes
 + Level 3.3 Armour
 + Level 0.2 Dodging
 + Level 0.4 Stealth
 + Level 3.0 Shields


You had 3 spell levels left.
You didn't know any spells.
Your spell library was empty.

Dungeon Overview and Level Annotations

Branches:
Dungeon (3/15)

Shops:
D:2 (

Annotations:
D:3 2 transporters, Natasha


Innate Abilities, Weirdness & Mutations

You have an increased reservoir of magic. (+10% MP)
You shall have no god before yourself.
Your divine heritage dramatically boosts your attributes as you level up.


Message History

Natasha is heavily wounded.
Natasha claws you. You block Natasha's attack.
You hit Natasha.
Natasha is severely wounded.
Natasha casts a spell.
You barely miss Natasha.
Natasha is severely wounded.
You closely miss the cerulean imp. Natasha closely misses you.
The cerulean imp hits you with a +0 spear.
You miss Natasha.
Natasha is severely wounded.
You closely miss the cerulean imp.
Natasha howls an incantation.
Natasha shimmers violently.
Natasha mumbles some strange words.
The cerulean imp barely misses you. You block Natasha's attack.
You closely miss Natasha.
Natasha is severely wounded.
You hit the cerulean imp.
The cerulean imp hits you with a +0 spear.
Natasha claws you.
You completely miss Natasha.
Natasha is severely wounded.
You miss the cerulean imp. The cerulean imp misses you.
The cerulean imp hits you from afar with a +2 spear.
Natasha barely misses you. The cerulean imp barely misses you.
The cerulean imp hits you from afar with a +2 spear.
* * * LOW HITPOINT WARNING * * *
Throw: 2 darts (curare)
Press: ? - help, Q - select action, (/) - cycle Shift-Dir - straight line, f - Natasha
Aim: Natasha (severely wounded, 50% to hit)
You throw a curare-tipped dart.
The curare-tipped dart closely misses Natasha.
The curare-tipped dart hits the cerulean imp.
Natasha claws you.
* * * LOW HITPOINT WARNING * * *
The cerulean imp hits you with a +0 spear.
* * * LOW HITPOINT WARNING * * *
The cerulean imp hits you from afar with a +2 spear.
You die...

#...# #...........#..
..........#.###.####.. ........
#....... ......## #..###.. # #.#
## ##.# #.. #. #.# # ### #.. #.#
#. #.$.#5##### ####.#####
#..5h@....###.>.......
..............#.##.#.#..
###.###############.#.##.#...#
####...#8P#~~~~SSS#P8#.#.##.....#
.......#..#..P~~~P#..#...#####..#
.##...©#©/+..~♣P~~+?©#©..#####..#
.##.#..#..#..~PP~~#..#...........
.##.#..#8P#~~~~~~~#P8#.##########
.##.#..###############..#


You could see 3 electric eels, Natasha and 2 cerulean imps.

Vanquished Creatures
  Terence (D:2)
  Natasha (D:3)
  An orc wizard (D:3)
  An adder (D:2)
  A worm (D:2)
  A dart slug (D:2)
  4 orcs (D:3)
  5 ball pythons
  6 endoplasms
  4 goblins
  4 hobgoblins
  10 jackals
  6 kobolds
  7 quokkas
  3 bats
  3 frilled lizards
  4 rats
62 creatures vanquished.

Notes
Turn   | Place    | Note
-------+----------+-------------------------------------------
     0 | D:1      | rvierbuc the Demigod Fighter began the quest for the Orb.
     0 | D:1      | Reached XP level 1. HP: 18/18 MP: 3/3
    68 | D:1      | Reached XP level 2. HP: 24/25 MP: 4/4
   695 | D:2      | Reached XP level 3. HP: 26/31 MP: 5/5
   735 | D:2      | Found Gaos's Antique Weapon Shoppe.
  1004 | D:2      | Noticed Terence
  1023 | D:2      | Killed Terence
  1024 | D:2      | Reached XP level 4. HP: 10/38 MP: 6/6
  1529 | D:3      | Noticed Natasha
  1656 | D:3      | Killed Natasha
  1829 | D:3      | Found a transporter.
  1862 | D:3      | Found a transporter.
  2084 | D:3      | Noticed Natasha
  2099 | D:3      | Slain by a cerulean imp

Illustrated notes

Levels and vault maps discovered:
D:1:      roderic_chinese_lattice_arrival, layout_loops_ring,
          chequers_serial_rivers_micro_e
D:2:      layout_loops_ring, serial_shops, shop, minmay_pentomino_t2,
          uniq_terence
D:3:      gammafunk_steamed_eel, layout_loops_cross, minmay_misc_feat_rugged,
          uniq_natasha, uniq_jessica

Skill      XL: |  1  2  3  4 |
---------------+-------------+-----
Axes           | 2 3 |  3.7
Armour         | 3 |  3.3
Fighting       | 3 |  3.1
Shields        | 3 |  3.0
Dodging        | |  0.2
Stealth        | |  0.4

Action                     |  1- 3 |  4- 6 || total
---------------------------+-------+-------++-------
  Melee: War axe           |   103 |    78 ||   181
  Throw: Dart              |       |     3 ||     3
    Use: Potion            |       |     1 ||     1
 Armour: Scale mail        |    43 |    46 ||    89
  Dodge: Dodged            |    60 |    37 ||    97
  Block: Buckler           |    22 |    30 ||    52
